 Dungeon Crawl Stone Soup version 0.27.1-33-g824d729ab1 (webtiles) character file.

Game seed: 15177892935685958690

129 ces the Covert (level 4, -2/23 HPs)
             Began as a Spriggan Brigand on Nov 30, 2021.
             Killed from afar by Natasha (6 damage)
             ... with a magic dart
             ... on level 3 of the Dungeon.
             The game lasted 00:05:01 (3260 turns).

ces the Covert (Spriggan Brigand)                   Turns: 3260, Time: 00:05:02

Health: -2/23      AC:  4    Str:  6 (7)  XL:     4   Next: 88%
Magic:  5/5        EV: 17    Int: 13 (14) God:
Gold:   92         SH:  0    Dex: 16 (17) Spells: 3/3 levels left

rFire    . . .     SeeInvis +   a - +2 dagger
rCold    . . .     Faith    .   (shield restricted)
rNeg     . . .     Spirit   .   b - +0 robe
rPois    .         Reflect  .   (helmet restricted)
rElec    .         Harm     .   d - +1 cloak
rCorr    .         Rampage  .   (gloves unavailable)
Will     .....                  (boots unavailable)
Stlth    ++++......             (no amulet)
HPRegen  0.07/turn              (no ring)
MPRegen  0.09/turn              (no ring)

@: hasted, very quick
A: very small, no large weapons, unfitting armour, see invisible, speed 3,
clever 1
a: no special abilities


You were on level 3 of the Dungeon.
You visited 1 branch of the dungeon, and saw 3 of its levels.

You collected 92 gold pieces.

Inventory:

Hand Weapons
 a - a +2 dagger (weapon)
Missiles
 e - a curare-tipped dart
 f - 5 poisoned darts (quivered)
Armour
 b - a +0 robe (worn)
 c - a +0 cloak
 d - a +1 cloak (worn)
Scrolls
 i - a scroll of identify {unknown}
 j - a scroll of noise {unknown}
 l - a scroll of teleportation {unknown}
Potions
 g - a potion of mutation


   Skills:
 + Level 1.8 Fighting
 + Level 2.9 Short Blades
 - Level 2.0 Throwing
 + Level 1.9 Dodging
 * Level 8.7 Stealth


You had 3 spell levels left.
You didn't know any spells.
Your spell library contained the following spells:

 Spells                   Type           Power      Damage    Failure   Level
 Shock                    Conj/Air       0%         1d3       30%         1
 Swiftness                Air            0%         N/A       67%         3
 Airstrike                Air            0%         N/A       97%         4


Dungeon Overview and Level Annotations

Branches:
Dungeon (3/15)

Altars:

Annotations:
D:3 Natasha


Innate Abilities, Weirdness & Mutations

You are very small and have problems with some larger weapons.
You are too small for most types of armour.
You have supernaturally acute eyesight. (SInv)
You cover ground extremely quickly. (Speed+++)
Your mind is acute. (Int +2)


Message History

Natasha barely misses you. The crimson imp barely misses you.
You hit Natasha.
Natasha is severely wounded.
Natasha casts a spell at you. The magic dart hits you!
The crimson imp blinks!
You are too injured to fight recklessly!
You hit Natasha but do no damage.
Natasha is severely wounded.
Natasha howls an incantation.
You feel disoriented. Natasha closely misses you.
You closely miss Natasha.
Natasha is severely wounded.
Natasha casts a spell.
You hit Natasha but do no damage.
Natasha is severely wounded.
Natasha completely misses you.
You hit Natasha but do no damage.
Natasha is severely wounded.
Natasha stares at you and mumbles some strange words.
The magic dart hits you.
* * * LOW HITPOINT WARNING * * *
It was a potion of mutation.
You feel extremely strange.
You feel clever. Natasha closely misses you.
It was a potion of degeneration.
There was something very wrong with that liquid.
You feel weakened.
You feel dopey.
You feel clumsy.
Natasha stares at you and mumbles some strange words.
You easily resist.
It was a potion of haste.
You feel yourself speed up. The crimson imp misses you.
The crimson imp blinks!
Natasha barely misses you.
You hit Natasha.
Natasha is severely wounded.
The crimson imp blinks!
You closely miss Natasha.
Natasha is severely wounded.
Natasha stares at you and mumbles some strange words.
The magic dart hits you.
You die...

##...... #.........#
#......##
#...<.<...####.....†##
........) .........##
>...... .###.....#
..... #. ##..#.. .§.
..###..... ###h##
.###.#.....## #..@.#
....#.#...# #..§.#
#....#..### #..5.##
#....$....#
#.....####.......#..
#.......##.....#.###
#####.#..##..#.#.#
#.##.##......###
#..#[.....†..>..
##..##........#.


You could see Natasha and a crimson imp (summoned).

Vanquished Creatures
  Robin (D:2)
  2 adders
  2 gnolls (D:1)
  A worm (D:2)
  3 dart slugs (D:2)
  An orc (D:3)
  3 ball pythons
  4 bats
  6 endoplasms
  3 giant cockroaches
  11 goblins
  11 hobgoblins
  4 quokkas
  4 frilled lizards
  2 kobolds
  4 rats
62 creatures vanquished.

Notes
Turn   | Place    | Note
-------+----------+-------------------------------------------
     0 | D:1      | ces the Spriggan Brigand began the quest for the Orb.
     0 | D:1      | Reached XP level 1. HP: 10/10 MP: 2/2
    29 | D:1      | Reached skill level 6 in Stealth
   382 | D:1      | Reached XP level 2. HP: 11/14 MP: 3/3
   938 | D:1      | Reached skill level 7 in Stealth
  1236 | D:1      | Reached XP level 3. HP: 18/18 MP: 4/4
  1801 | D:2      | Reached skill level 8 in Stealth
  1854 | D:2      | Reached XP level 4. HP: 14/23 MP: 5/5
  2387 | D:2      | Found a faded altar of an unknown god.
  2492 | D:2      | Noticed Robin
  2530 | D:2      | Killed Robin
  3233 | D:3      | Noticed Natasha
  3256 | D:3      | Gained mutation: Your mind is acute. (Int +2) [potion of
                  | mutation]
  3260 | D:3      | Killed from afar by Natasha

Illustrated notes

Levels and vault maps discovered:
D:1:      zelgadis_glass_arrival_small, layout_basic
D:2:      layout_loops_ring, ebering_ecumenical_altar_rust,
          minmay_tiny_reverse_x, uniq_robin
D:3:      layout_rooms, uniq_natasha

Skill      XL: |  1  2  3 |
---------------+----------+-----
Stealth        | 6 7 8 |  8.7
Fighting       | |  1.8
Short Blades   | |  2.9
Throwing       | |  2.0
Dodging        | |  1.9

Action                   |  1- 3 |  4- 6 || total
-------------------------+-------+-------++-------
Melee: Dagger            |   102 |   114 ||   216
Throw: Dart              |    30 |     7 ||    37
  Use: Potion            |     1 |     3 ||     4
 Stab: Sleeping          |    11 |     7 ||    18
       Distracted        |       |     1 ||     1
Armor: Robe              |    11 |    24 ||    35
Dodge: Dodged            |    64 |    71 ||   135
